[Event "Frauenbundesliga 2024-25"]
[Site "Germany"]
[Date "2025.02.16"]
[Round "6.11"]
[White "Werner, Carolin"]
[Black "Rath, Alina"]
[Result "0-1"]
[Annotator "NA"]
[ECO "B65"]
[WhiteElo "1973"]
[BlackElo "2011"]
[PlyCount "122"]
[EventDate "2024.11.06"]
[EventType "team-tourn"]
[EventCountry "GER"]
[SourceTitle "playchess.com"]
[Source "ChessBase"]
[SourceQuality "1"]
[TimeControl "40/5400+30:1800+30"]

1. e4 c5 2. Nf3 Nc6 3. d4 cxd4 4. Nxd4 Nf6 5. Nc3 d6 6. Bg5 e6 7. Qd2 Be7 8. f4 O-O 9. O-O-O Nxd4 10. Qxd4 Qa5 11. Bc4 Bd7 12. e5 dxe5 13. fxe5 Bc6 14. Bd2 Nd7 15. Nd5 Qd8 16. Nxe7+ Qxe7 17. Rhe1 Rfd8 18. Qg4 Nf8 19. Bd3 Qc5 20. Bb4 Qb6 21. Bd6 Rac8 22. h4 Bb5 23. Kb1 Bxd3 24. Rxd3 Qf2 25. Rc1 b5 26. Rg3 g6 27. Rf3 Qd2 28. Qg3 Rc4 29. Rf2 Qh6 30. Qf3 f5 31. g3 Qg7 32. Qb3 Qd7 33. Rd2 Qc6 34. Rcd1 a6 35. a3 Qe4 36. Ka2 Rdc8 37. Rd3 h6 38. R1d2 g5 39. hxg5 hxg5 40. Rh2 Ng6 41. Re3 Qd5 42. c3 Kg7 43. Rh5 g4 44. Re1 Rh8 45. Rxh8 Nxh8 46. Be7 Nf7 47. Bf6+ Kg6 48. Rd1 Qe4 49. Rd4 Rxd4 50. cxd4 Qd5 51. Qxd5 exd5 52. Bh4 Ng5 53. Kb3 Nf3 54. Bd8 Nxd4+ 55. Kb4 Nc6+ 56. Kc5 Nxd8 57. Kxd5 Kf7 58. b3 Ne6 59. a4 f4 60. gxf4 Nxf4+ 61. Ke4 g3 0-1

[Event "Frauenbundesliga 2024-25"]
[Site "Germany"]
[Date "2025.02.16"]
[Round "6.12"]
[White "Savina, Anastasia"]
[Black "Daulyte-Cornette, Deimante"]
[Result "1/2-1/2"]
[Annotator "ChessBase"]
[ECO "E28"]
[WhiteElo "2324"]
[BlackElo "2384"]
[PlyCount "105"]
[EventDate "2024.11.06"]
[EventType "team-tourn"]
[EventCountry "GER"]
[SourceTitle "playchess.com"]
[Source "ChessBase"]
[SourceQuality "1"]
[TimeControl "40/5400+30:1800+30"]

1. d4 Nf6 2. c4 e6 3. Nc3 Bb4 4. e3 O-O 5. a3 Bxc3+ 6. bxc3 d6 7. Ne2 Nh5 8. g4 Nf6 9. Ng3 e5 10. h3 exd4 11. cxd4 d5 12. Bg2 c6 13. cxd5 cxd5 14. O-O Nc6 15. Ra2 Re8 16. Qd3 Qd6 17. Bd2 h5 18. gxh5 Ne4 19. Be1 Qh6 20. Qd1 Nxg3 21. fxg3 Qxe3+ 22. Bf2 Qg5 23. Rb2 Be6 24. Rxb7 Na5 25. h4 Qd8 26. Rb5 Nc4 27. h6 g6 28. h5 Qg5 29. hxg6 Qxg6 30. Qc1 Nd6 31. Rc5 Nf5 32. Qf4 Rad8 33. Rc7 Nxh6 34. Rxa7 Ng4 35. Bf3 Qh5 36. Bxg4 Bxg4 37. Be3 Be6 38. Qg5+ Qxg5 39. Bxg5 Ra8 40. Rxa8 Rxa8 41. Be7 Kg7 42. Kf2 Bd7 43. Rb1 Ra6 44. Rb3 Kg6 45. Rb7 Bc6 46. Rc7 Bb5 47. Rb7 Bc4 48. Bc5 Rf6+ 49. Ke3 Re6+ 50. Kf3 Rf6+ 51. Ke3 Re6+ 52. Kf3 Rf6+ 53. Ke3 1/2-1/2

[Event "Frauenbundesliga 2024-25"]
[Site "Germany"]
[Date "2025.02.16"]
[Round "6.12"]
[White "Schuster, Rebekka"]
[Black "Spiel, Marianne"]
[Result "1-0"]
[Annotator "NA"]
[ECO "C00"]
[WhiteElo "1825"]
[BlackElo "1887"]
[PlyCount "71"]
[EventDate "2024.11.06"]
[EventType "team-tourn"]
[EventCountry "GER"]
[SourceTitle "playchess.com"]
[Source "ChessBase"]
[SourceQuality "1"]
[TimeControl "40/5400+30:1800+30"]

1. e4 e6 2. d3 d5 3. Qe2 Nf6 4. Nf3 Be7 5. g3 c5 6. Bg2 Nc6 7. O-O O-O 8. e5 Nd7 9. c4 d4 10. Re1 Qe8 11. Nbd2 f6 12. exf6 Nxf6 13. Ng5 Nd8 14. Ndf3 h6 15. Ne4 Nc6 16. Bf4 g5 17. Nd6 Qd7 18. Nxc8 Raxc8 19. Bd2 Kf7 20. h4 g4 21. Ne5+ Nxe5 22. Qxe5 Bd6 23. Qe2 h5 24. Bg5 Rce8 25. f4 b6 26. Qd2 e5 27. Bxf6 Kxf6 28. fxe5+ Rxe5 29. Rxe5 Bxe5 30. Qg5+ Ke6 31. Re1 Rf5 32. Bd5+ Kd6 33. Qg6+ Kc7 34. Be6 Qd8 35. Bxf5 Bxg3 36. Qf7+ 1-0